 Dungeon Crawl Stone Soup version 0.30.0 (webtiles) character file.

Game seed: 8173363669894006080

476 Mysteryquy the Chopper (level 6, -7/56 HPs)
             Began as a Minotaur Berserker on May 5, 2023.
             Was a Priest of Trog.
             Mangled by an ogre
             ... wielding a +0 giant club
              (19 damage)
             ... on level 4 of the Dungeon.
             The game lasted 00:03:23 (2607 turns).

Mysteryquy the Chopper (Minotaur Berserker)         Turns: 2607, Time: 00:03:24

Health: -7/56      AC: 15    Str: 24    XL:     6   Next: 84%
Magic:  5/5        EV:  7    Int:  4    God:    Trog [***...]
Gold:   163        SH:  0    Dex:  9    Spells: 5/5 levels left

rFire   . . .        a - +0 hand axe
rCold   . . .        (no shield)
rNeg    . . .        p - +0 plate armour
rPois   .            o - +2 hat
rElec   .            e - +0 cloak
rCorr   .            n - +0 pair of gloves
SInv    .            (no boots)
Will    .....        (no amulet) Stlth
                     (no ring)
HPRegen 0.29/turn    (no ring)
MPRegen 0.09/turn

%: no passive effects
@: no status effects
A: horns 2, retaliatory headbutt
a: Renounce Religion, Berserk, Trog's Hand


You were on level 4 of the Dungeon.
You worshipped Trog.
Trog was most pleased with you.
You visited 1 branch of the dungeon, and saw 4 of its levels.

You collected 163 gold pieces.

Inventory:

Hand Weapons
 a - a +0 hand axe (weapon)
Armour
 b - a +0 animal skin
 e - a +0 cloak (worn)
 n - a +0 pair of gloves (worn)
 o - a +2 hat (worn)
 p - a +0 plate armour (worn)
Scrolls
 c - 2 scrolls of immolation {unknown}
 d - 3 scrolls of identify {unknown}
 f - 3 scrolls of amnesia {unknown}
 g - 4 scrolls of teleportation {unknown}
 i - 2 scrolls of poison {unknown}
 j - a scroll of fog {unknown}
 l - a scroll of magic mapping {unknown}
Potions
 h - 2 potions of curing
 k - a potion of mutation {unknown}
 m - a potion of invisibility {unknown}


   Skills:
 + Level 5.0 Fighting
 + Level 7.3 Axes
 + Level 2.8 Armour
 + Level 4.0 Dodging
 + Level 1.2 Stealth


You had 5 spell levels left.
You didn't know any spells.
Your spell library was empty.

Dungeon Overview and Level Annotations

Branches:
Dungeon (4/15)
 Temple: D:4-7

Altars:
Xom


Innate Abilities, Weirdness & Mutations

You have a pair of horns on your head.
You reflexively headbutt those who attack you in melee.


Message History

The ogre is lightly wounded.
The ogre barely misses you.
You hit the ogre but do no damage.
The ogre is lightly wounded.
You closely miss the ogre. You headbutt the ogre! You punch the ogre.
The ogre is heavily wounded.
The ogre hits you with a +0 giant club!
You are too injured to fight recklessly!
You are too injured to fight recklessly!
You are too injured to fight recklessly!
You are too injured to fight recklessly!
You are too injured to fight recklessly!
You are too injured to fight recklessly!
You are too injured to fight recklessly!
You are too injured to fight recklessly!
You are too injured to fight recklessly!
You are too injured to fight recklessly!
You are too injured to fight recklessly!
You are too injured to fight recklessly!
You are too injured to fight recklessly!
You are too injured to fight recklessly!
You are too injured to fight recklessly!
You hit the ogre.
The ogre is heavily wounded.
The ogre barely misses you.
You hit the ogre.
The ogre is severely wounded.
You barely miss the ogre.
The ogre is severely wounded.
The ogre hits you with a +0 giant club!!
* * * LOW HITPOINT WARNING * * *
You barely miss the ogre. Your headbutt misses the ogre.
The ogre is severely wounded.
The ogre barely misses you.
You hit the ogre. Your punch misses the ogre.
The ogre is severely wounded.
You hit the ogre.
The ogre is severely wounded.
The ogre hits you with a +0 giant club!!
You die...

##########..#
#....@O.....#
#.#########.#
#.#.........
#.#.########
#...........
###.########
#.# #.# #.#


You could see an ogre.

Vanquished Creatures
  Sigmund (D:3)
  A scorpion (D:4)
  An iguana (D:4)
  Natasha (twice) (D:2)
  2 orc wizards (D:4)
  4 adders
  6 worms
  A dart slug (D:2)
  4 orcs
  7 ball pythons
  9 bats
  5 endoplasms
  4 giant cockroaches
  6 goblins
  7 hobgoblins
  8 quokkas
  A frilled lizard (D:2)
  3 kobolds
  6 rats
78 creatures vanquished.

Notes
Turn   | Place    | Note
-------+----------+-------------------------------------------
     0 | D:1      | Mysteryquy the Minotaur Berserker began the quest for the
                  | Orb.
     0 | D:1      | Reached XP level 1. HP: 19/19 MP: 0/0
   127 | D:1      | Reached XP level 2. HP: 24/27 MP: 1/1
   174 | D:1      | Reached skill level 4 in Axes
   434 | D:1      | Reached XP level 3. HP: 33/33 MP: 2/2
   580 | D:2      | Reached ** piety under Trog
   678 | D:2      | Noticed Natasha
   689 | D:2      | Killed Natasha
   690 | D:2      | Reached skill level 5 in Axes
   690 | D:2      | Reached XP level 4. HP: 13/40 MP: 3/3
  1112 | D:2      | Noticed Natasha
  1118 | D:2      | Killed Natasha
  1286 | D:3      | Reached XP level 5. HP: 41/47 MP: 4/4
  1399 | D:3      | Noticed Sigmund
  1407 | D:3      | Killed Sigmund
  1408 | D:3      | Reached skill level 6 in Axes
  1408 | D:3      | Reached XP level 6. HP: 53/53 MP: 5/5
  1729 | D:3      | Found a shimmering altar of Xom.
  2118 | D:4      | Reached skill level 7 in Axes
  2118 | D:4      | Reached skill level 1 in Stealth
  2353 | D:4      | Reached *** piety under Trog
  2354 | D:4      | Reached skill level 5 in Fighting
  2607 | D:4      | Mangled by an ogre

Illustrated notes

Levels and vault maps discovered:
D:1:      beargit_arrival_greenhouse, layout_rooms
D:2:      layout_rooms, uniq_natasha
D:3:      layout_loops_ring, overflow_temple_1_default, patterned_corridor,
          uniq_sigmund
D:4:      layout_basic, serial_shops, kennysheep_mini

Skill      XL: |  1  2  3  4  5  6 |
---------------+-------------------+-----
Axes           | 4 5 6 7 |  7.3
Fighting       | 4 5 |  5.0
Dodging        | 3 4 |  4.0
Stealth        | 1 |  1.2
Armour         | |  2.8

Action                     |  1- 3 |  4- 6 || total
---------------------------+-------+-------++-------
  Melee: Hand axe          |    72 |   130 ||   202
         Headbutt          |     8 |    17 ||    25
         Punch             |       |     3 ||     3
 Invoke: Berserk           |       |     1 ||     1
   Stab: Sleeping          |       |     3 ||     3
 Armour: Animal skin       |    21 |    18 ||    39
         Plate armour      |       |    22 ||    22
  Dodge: Dodged            |    53 |    56 ||   109
